AoeStats
← La Cobra

MegaRandom

509181809Analyzed
2v2 RM · 6d ago on Sep 25, 2026· 16m 11s· 4 players
Game mode
Random Map
Map size
Medium (4 player)
Population
200
Speed
Normal
Resources
Standard
Victory
Conquest
Starting age
Dark Age
Ending age
Imperial Age
RankedLock teamsTeams togetherTeam positionsShared explorationLock speedFull tech treeHidden civsTurbo modeCheats
Victory
Defeat
🇷🇴 Aztecs · Romania
1178
+14
🇭🇺 Khitans · Hungary
1178
+14
🇲🇽 Varangians · Mexico
1144
-14
🇨🇱 Saracens · Chile
1140
-14
King Dario II
8:39 Loom
10:41 Feudal Age
13:32 Bloodlines
15:23 Forging
La Cobra
9:15 Loom
11:02 Feudal Age
ValyZone
10:08 Feudal Age
9:51 Loom
11:26 Double-Bit Axe
12:00 Forging
13:40 Scale Barding Armor
13:32 Domestication
Adrian |
10:05 Feudal Age
12:25 Forging
15:21 Double-Bit Axe
Connection lost

Rejoining the realm…

Still unreachable

The connection could not be restored.

Session expired

The server has moved on; the page needs a fresh start.